 Dungeon Crawl Stone Soup version 0.27.1-34-g3ba077fa99 (webtiles) character file.

Game seed: 10899899869899129878

5610 mcbry74 the Brawler (level 10, -10/85 HPs)
             Began as a Troll Gladiator on Jan 28, 2022.
             Shot with an arrow by a centaur warrior (16 damage)
             ... on level 8 of the Dungeon.
             The game lasted 00:35:15 (6169 turns).

mcbry74 the Brawler (Troll Gladiator)               Turns: 6169, Time: 00:35:15

Health: -10/85     AC:  7    Str: 28    XL:     10   Next: 45%
Magic:  0/9        EV: 14    Int:  6    God:
Gold:   550        SH:  0    Dex: 11    Spells: 9/9 levels left

rFire    . . .     SeeInvis .     - Unarmed
rCold    + . .     Faith    .   (no shield)
rNeg     . . .     Spirit   +   g - +0 troll leather armour {Purgy}
rPois    .         Reflect  .   H - +0 hat of the Big Bang {rC+ Str+3}
rElec    .         Harm     .   E - +0 cloak
rCorr    .         Rampage  .   (gloves unavailable)
Will     +....                  (boots unavailable)
Stlth    +.........             d - amulet of guardian spirit
HPRegen  2.24/turn              N - +4 ring of evasion
MPRegen  0.11/turn              m - ring of willpower

@: no status effects
A: large, unfitting armour, claws 3, regeneration 1, shaggy fur 1, tough skin 1
a: no special abilities


You were on level 8 of the Dungeon.
You visited 2 branches of the dungeon, and saw 9 of its levels.
You also visited: Sewer.

You collected 550 gold pieces.

Inventory:

Hand Weapons
 f - a +2 falchion of holy wrath
 n - a +1 whip of flaming
 x - a +0 whip
 J - a +0 great mace
 K - a +0 giant spiked club
 L - a +0 giant spiked club
 P - a +0 giant spiked club
Missiles
 c - 2 throwing nets (quivered)
 S - 46 sling bullets
 U - 3 boomerangs
 W - 3 large rocks
Armour
 a - a +0 robe
 b - a +1 hat
 e - a +1 robe of fire resistance
 g - a +0 troll leather armour (worn) {Purgy}
 y - a +0 cloak
 E - a +0 cloak (worn)
 H - the +0 hat of the Big Bang (worn) {rC+ Str+3}
   (You found it on level 5 of the Dungeon)

   Str:       It affects your strength (+3).
   rC:        It protects you from cold.
Magical Staves
 G - a staff of cold
 M - a staff of poison
 V - a staff of cold
Jewellery
 d - an amulet of guardian spirit (around neck)
 j - a ring of wizardry
 m - a ring of willpower (right claw)
 B - a ring of ice
 N - a +4 ring of evasion (left claw)
 O - an amulet of reflection
Wands
 h - a wand of paralysis (14)
 r - a wand of flame (11)
 Q - a wand of charming (6)
 Y - a wand of digging (7)
Scrolls
 k - 4 scrolls of teleportation
 p - 6 scrolls of enchant weapon
 q - a scroll of magic mapping {unknown}
 s - a scroll of enchant armour
 u - a scroll of fear
 w - a scroll of silence {unknown}
 C - 2 scrolls of fog
 D - 2 scrolls of blinking {unknown}
 F - 2 scrolls of identify {unknown}
 X - a scroll of amnesia
Potions
 i - 2 potions of might
 l - 2 potions of resistance
 o - 4 potions of curing {unknown}
 t - 2 potions of haste
 v - a potion of degeneration {unknown}
 z - 2 potions of ambrosia {unknown}
 A - a potion of brilliance
 I - 2 potions of flight {unknown}
 R - a potion of lignification {unknown}
 T - a potion of cancellation
 Z - a potion of berserk rage {unknown}


   Skills:
 - Level 1.6 Fighting
 - Level 1.8 Throwing
 - Level 2.4 Dodging
 + Level 15.1 Unarmed Combat


You had 9 spell levels left.
You didn't know any spells.
Your spell library contained the following spells:

 Spells                   Type           Power      Damage    Failure   Level
 Magic Dart               Conj           0%         1d3       50%         1
 Sandblast                Erth           0%         2d4       50%         1
 Corpse Rot               Necr/Air       N/A        N/A       63%         2
 Passwall                 Tmut/Erth      0%         N/A       63%         2
 Searing Ray              Conj           0%         3d3       63%         2
 Dispel Undead            Necr           0%         3d6       99%         4
 Fulminant Prism          Conj/Hex       0%         3d6       99%         4
 Lee's Rapid Deconstruct  Erth           0%         3d5*      100%        5
 Death Channel            Necr           0%         N/A       100%        6


Dungeon Overview and Level Annotations

Branches:
Dungeon (8/15)             Temple (1/1) D:7           Sewer (visited)
   Lair: D:8-11

Altars:
Cheibriados
Dithmenos
Elyvilon
Fedhas
Gozag
Kikubaaqudgha
Qazlal
Ru
Trog
Uskayaw
Wu Jian
Xom
Zin
The Shining One


Innate Abilities, Weirdness & Mutations

You are too large for most types of armour.
You have claws for hands.
Your natural rate of healing is unusually fast.
You are covered in fur. (AC +1)
You have tough skin. (AC +1)


Message History

You claw the white imp, but do no damage.
The white imp is lightly wounded.
The white imp hits you. The white imp freezes you. You resist.
You claw the white imp!
You kill the white imp!
Items here: )) [[ ††.
Press: ? - help, v - describe, . - travel The floor.
You see here 13 poisoned darts.
You can't carry that many items.
You open the door.
There is an open door here.
You open the door.
Found a runed golden amulet.
There is an open door here.
Found a ring mail and 20 sling bullets.
A slime creature, a boulder beetle, an ugly thing, a deep elf pyromancer, 2 centaur warriors, a troll and a tengu warrior come into view.
The troll shouts!
The centaur warrior shouts!
The tengu warrior shouts!
The slime creature quivers.
The centaur warrior shouts!
The purple ugly thing gurgles horribly!
The centaur warrior wields a +0 shortbow.
The centaur warrior shoots an arrow.
The arrow hits you!
The deep elf pyromancer gestures wildly while chanting.
The deep elf pyromancer blinks!
The centaur warrior shoots an arrow.
The arrow hits you!
The centaur warrior wields a +0 shortbow.
The centaur warrior shoots an arrow.
The arrow hits you!!
There is an open door, spattered with blood here.
The centaur warrior shoots an arrow.
The arrow misses you.
The centaur warrior shoots an arrow.
The arrow hits you.
The centaur warrior shoots an arrow.
The arrow hits you but does no damage.
The centaur warrior shoots an arrow.
The arrow hits you!!
The centaur warrior shoots an arrow.
The arrow hits you!
The centaur warrior shoots an arrow.
The arrow hits you!
* * * LOW HITPOINT WARNING * * *
The centaur warrior shoots an arrow.
The arrow hits you!
* * * LOW HITPOINT WARNING * * *
The centaur warrior shoots an arrow.
The arrow completely misses you.
The centaur warrior shoots an arrow.
The arrow hits you!
You die...

#.#.##.)####.#.##...#....##.#..#
..#.##†#..####..#)#....####.#..#
....##.###..####'....####8.##..#
....##...###..###..####8...##..#
....##.#...###..#####8....8##..#
..#.##.#...).###'##8....≈..##..#
....##.#..[.#####.....≈8..8##..#
....##.#..####..###8....≈..##..#
#...##.#####(.#.@####8....8##..#
..#.#.####..#...#..####8...##..#
..#.#.##..#...#.#....####8.##..#
....##).#...#...#.#..#.######..#
....####..#...#.#.#.##...####..#
....# ####..#...#.#..###...##..#
##..# T§####(.#.#.##.#...####..#
.#..# .#.c####..#cc#...###.....#
....# c###..######.#.###...###.#


You could see 2 centaur warriors.

Vanquished Creatures
  Pikel (D:4)
  A hornet (D:8)
  Grinder (D:4)
  A slime creature (D:8)
  A wyvern (D:8)
  3 yaks (D:8)
  Eustachio (D:5)
  A steam dragon (D:7)
  Menkaure (D:5)
  Duvessa (D:7)
  A hornet zombie (D:8)
  Purgy (Sewer)
  A black bear (D:7)
  3 ice beasts
  2 sky beasts
  3 ogres
  6 necrophages
  A centaur (D:8)
  A bullfrog (D:8)
  Blork the orc (D:4)
  A gnoll sergeant (D:7)
  A scorpion (D:6)
  Dowan (D:7)
  A wyvern zombie (D:8)
  6 killer bees
  A water moccasin skeleton (D:4)
  2 wights
  5 howler monkeys
  A bullfrog zombie (D:7)
  A hound (D:6)
  4 centaur zombies
  2 centaur skeletons
  An orc priest (D:4)
  A jelly (D:7)
  A bullfrog skeleton (D:6)
  Crazy Yiuf (D:3)
  3 iguanas
  Terence (D:3)
  Natasha (twice) (D:4)
  4 orc wizards
  A scorpion zombie (D:5)
  A killer bee zombie (D:8)
  2 mummies (D:7)
  A howler monkey zombie (D:7)
  8 gnolls
  5 adders
  2 river rats (D:4)
  3 white imps
  An ufetubus (D:6)
  An adder skeleton (D:5)
  A worm (D:2)
  A dart slug (D:3)
  12 orcs
  6 ball pythons
  5 bats
  6 endoplasms
  7 giant cockroaches
  4 goblins
  8 hobgoblins
  5 jackals
  4 quokkas
  4 frilled lizards (Sewer)
  4 kobolds
  4 rats
168 creatures vanquished.

Notes
Turn   | Place    | Note
-------+----------+-------------------------------------------
     0 | D:1      | mcbry74 the Troll Gladiator began the quest for the Orb.
     0 | D:1      | Reached XP level 1. HP: 19/19 MP: 0/0
   154 | D:1      | Reached XP level 2. HP: 13/27 MP: 1/1
   220 | D:1      | Reached skill level 4 in Unarmed Combat
   476 | D:1      | Reached XP level 3. HP: 33/33 MP: 2/2
   838 | D:2      | Found a shadowy altar of Dithmenos.
  1138 | D:2      | You fall into a shaft and drop 2 floors!
  1158 | D:4      | Noticed Grinder
  1169 | D:4      | Killed Grinder
  1170 | D:4      | Reached skill level 6 in Unarmed Combat
  1170 | D:4      | Reached XP level 4. HP: 36/41 MP: 0/3
  1170 | D:4      | Reached XP level 5. HP: 43/48 MP: 0/4
  1198 | D:4      | Reached skill level 7 in Unarmed Combat
  1198 | D:4      | Reached XP level 6. HP: 42/55 MP: 1/5
  1344 | D:4      | Found a glowing drain.
  1348 | Sewer    | Entered a sewer
  1374 | Sewer    | Noticed Purgy
  1382 | Sewer    | Killed Purgy
  1606 | D:3      | Noticed Terence
  1610 | D:3      | Killed Terence
  1611 | D:3      | Reached skill level 8 in Unarmed Combat
  1723 | D:3      | Found a faded altar of an unknown god.
  1730 | D:3      | Reached XP level 7. HP: 62/62 MP: 4/6
  2051 | D:3      | Found a glowing golden altar of the Shining One.
  2051 | D:3      | Found a stormy altar of Qazlal.
  2052 | D:3      | Found an ancient bone altar of Kikubaaqudgha.
  2426 | D:3      | Found a runed translucent door.
  2427 | D:3      | Noticed Crazy Yiuf
  2432 | D:3      | Killed Crazy Yiuf
  2647 | D:4      | Noticed Blork the orc
  2671 | D:4      | Killed Blork the orc
  2672 | D:4      | Reached skill level 9 in Unarmed Combat
  2875 | D:4      | Noticed Natasha
  2880 | D:4      | Killed Natasha
  3165 | D:5      | Entered Level 5 of the Dungeon
  3190 | D:5      | Reached XP level 8. HP: 61/70 MP: 5/7
  3243 | D:5      | Noticed Eustachio
  3259 | D:5      | Killed Eustachio
  3260 | D:5      | Reached skill level 10 in Unarmed Combat
  3326 | D:5      | Noticed Pikel
  3511 | D:4      | Killed Pikel
  3512 | D:4      | Reached skill level 11 in Unarmed Combat
  3525 | D:4      | Noticed Natasha
  3532 | D:4      | Killed Natasha
  3629 | D:5      | Noticed Menkaure
  3639 | D:5      | Identified the +0 hat of the Big Bang {rC+ Str+3}
  3670 | D:5      | Found an ornate altar of the Wu Jian Council.
  3680 | D:5      | Killed Menkaure
  3748 | D:5      | Reached skill level 12 in Unarmed Combat
  3748 | D:5      | Reached XP level 9. HP: 76/76 MP: 8/8
  4583 | D:7      | Noticed Duvessa
  4592 | D:7      | Killed Duvessa
  4594 | D:7      | Noticed Dowan
  4598 | D:7      | Killed Dowan
  4645 | D:7      | Reached skill level 13 in Unarmed Combat
  4826 | D:7      | Found a staircase to the Ecumenical Temple.
  4832 | Temple   | Entered the Ecumenical Temple
  5294 | D:7      | Reached skill level 14 in Unarmed Combat
  5384 | D:7      | Reached XP level 10. HP: 85/85 MP: 9/9
  6092 | D:8      | Reached skill level 15 in Unarmed Combat
  6156 | D:8      | Noticed a deep elf pyromancer
  6156 | D:8      | Noticed a centaur warrior
  6156 | D:8      | Noticed a tengu warrior
  6156 | D:8      | Noticed a boulder beetle
  6156 | D:8      | Noticed a centaur warrior
  6156 | D:8      | Noticed a purple ugly thing
  6169 | D:8      | Shot with an arrow by a centaur warrior

Illustrated notes

Levels and vault maps discovered:
D:1:      dpeg_arrival_prison, layout_basic
D:2:      layout_loops_ring, basic_altar, hex_medium
D:3:      layout_basic, gammafunk_temple_overflow_forgotten,
          basic_ecumenical_altar, minmay_liquid_box, minmay_misc_feat_columns,
          uniq_crazy_yiuf_cottage, uniq_terence
D:4:      layout_gridville, gup_sewer_entry_bowl, uniq_grinder,
          uniq_blork_the_orc, uniq_natasha
D:5:      layout_rooms, amcnicky_altar_gilded, kennysheep_generic_room_9,
          uniq_eustachio, uniq_menkaure, uniq_pikel
D:6:      layout_rooms, chequers_serial_rivers_large_b
D:7:      layout_cave_pools, minmay_temple_entry_statues_pillars, serial_undead,
          serial_undead_d, serial_undead_c, serial_undead_a, serial_undead_e,
          supply_closet_lemuel, uniq_duvessa
D:8:      minmay_the_grid_triangle_9x9_rhombus_full
          [minmay_the_grid_triangle_9x9_corruption,
          minmay_the_grid_triangle_9x9_cache,
          minmay_the_grid_triangle_9x9_pentomino_pain,
          minmay_the_grid_triangle_9x9_negative_grid,
          minmay_the_grid_triangle_9x9_shrine,
          minmay_the_grid_triangle_9x9_corrupted_corridor,
          minmay_the_grid_triangle_9x9_sparse_checkered,
          minmay_the_grid_triangle_9x9_prize_top_heavy], layout_cave_pools,
          chequers_temple_overflow_minitemple, serial_park, serial_park_tiny_1,
          serial_park_tiny_pond
Temple:   jpeg_temple_island

Skill      XL: |  1  2  3  4  5  6  7  8  9 10 |
---------------+-------------------------------+-----
Unarmed Combat | 4 6 7 8 9 12 14 15 | 15.1
Fighting       | |  1.6
Throwing       | |  1.8
Dodging        | |  2.4

Action                   |  1- 3 |  4- 6 |  7- 9 | 10-12 || total
-------------------------+-------+-------+-------+-------++-------
Melee: Unarmed           |    96 |    59 |   260 |    72 ||   487
       Punch             |     1 |     2 |    11 |     6 ||    20
Throw: Throwing net      |       |       |     1 |       ||     1
  Use: Scroll            |     1 |     6 |     2 |       ||     9
       Potion            |       |     6 |     2 |       ||     8
 Stab: Held in net/web   |       |       |     1 |       ||     1
Armor: Robe              |    29 |    13 |       |       ||    42
       Troll leather arm |       |     6 |    82 |     7 ||    95
Dodge: Dodged            |    50 |    20 |   148 |    35 ||   253
